 Dungeon Crawl Stone Soup version 0.22-a0-392-g5dc3fd9 (webtiles) character file.

351 nikopol the Magician (level 6, 0/32 HPs)
             Began as a Deep Elf Fire Elementalist on May 2, 2018.
             Succumbed to VDreamerV's ghost's poison
             ... on level 3 of the Dungeon.
             The game lasted 00:09:22 (2756 turns).

nikopol the Magician (Deep Elf Fire Elementalist)   Turns: 2756, Time: 00:09:23

Health: 0/32       AC:  4    Str:  5    XL:     6   Next: 34%
Magic:  2/16       EV: 13    Int: 22    God:
Gold:   117        SH:  8    Dex: 15    Spells: 6/16 levels left

rFire    . . .     SeeInvis .   d - +3 dagger
rCold    . . .     Gourm    .   i - +0 buckler
rNeg     . . .     Faith    .   a - +0 robe
rPois    .         Spirit   .   (no helmet)
rElec    .         Reflect  .   (no cloak)
rCorr    .         Harm     .   (no gloves)
MR       .....                  (no boots)
Stlth    ++........             (no amulet)
HPRegen  0.10/turn              (no ring)
MPRegen  0.15/turn              (no ring)

@: lethally poisoned (0 -> -7)
A: icy blue scales 1, large bone plates 1, deterioration 1, sense surroundings 1
a: no special abilities


You were on level 3 of the Dungeon.
You were hungry.

You visited 1 branch of the dungeon, and saw 3 of its levels.

You collected 117 gold pieces.

Inventory:

Hand Weapons
 d - a +3 dagger (weapon)
Armour
 a - a +0 robe (worn)
 i - a +0 buckler (worn)
Scrolls
 b - 2 scrolls of identify
 e - 2 scrolls of teleportation
 g - 2 scrolls of remove curse {unknown}
 k - a scroll of amnesia {unknown}
Comestibles
 c - 5 rations
 j - a chunk of flesh


   Skills:
 + Level 0.1 Fighting
 + Level 2.9 Dodging
 + Level 3.1 Stealth
 * Level 1.4 Shields
 + Level 5.7 Spellcasting
 + Level 3.4 Conjurations
 + Level 4.6 Fire Magic


You had 6 spell levels left.
You knew the following spells:

 Your Spells              Type           Power        Failure   Level  Hunger
a - Flame Tongue          Conj/Fire      ###..        2%          1    None
b - Throw Flame           Conj/Fire      ###...       3%          2    None
c - Conjure Flame         Conj/Fire      ###.....     8%          3    ##.....
d - Sticky Flame          Conj/Fire      ###.....     24%         4    ####...


Dungeon Overview and Level Annotations

Branches:
Dungeon (3/15)

Altars:
Uskayaw


Innate Abilities, Weirdness & Mutations

You are partially covered in icy blue scales. (AC +2)
You are partially covered in large bone plates. (SH +4)
Your body sometimes deteriorates upon taking damage.
You passively map a small area around you.


Message History

You feel sick.
VDreamerV's ghost is engulfed in blazing flames.
You destroy VDreamerV's ghost!
You aren't carrying any potions.
As you read the scroll labeled BOIVVY AMMU, it crumbles to dust.
It is a scroll of identify.
e - 2 scrolls of teleportation
* * * LOW HITPOINT WARNING * * *
You feel sick.
* * * LOW HITPOINT WARNING * * *
You feel sick.
* * * LOW HITPOINT WARNING * * *
You feel sick.
* * * LOW HITPOINT WARNING * * *
You feel sick.
* * * LOW HITPOINT WARNING * * *
You feel sick.
* * * LOW HITPOINT WARNING * * *
You feel sick.
You die...

≈ * , * ≈ , ≈ * , *
, * * #######+###
,..........#
#........# *
#........#######* *
#.......@.......,
#.........#########
#####
#.........#.......#
#....
#.................#
#.###
#.......)##.#######
#.###
######.............
#....
######.#############
#.####.........
#......########


There were no monsters in sight!

Vanquished Creatures
  Sigmund (D:3)
  The ghost of VDreamerV the Changer, an amateur OpTm (D:3)
  An adder (D:2)
  An ooze (D:2)
  5 worms (D:2)
  A dart slug (D:1)
  A leopard gecko (D:1)
  5 orcs (D:3)
  2 ball pythons
  2 giant cockroaches
  12 hobgoblins
  2 quokkas (D:2)
  8 bats
  6 frilled lizards
  10 goblins
  7 kobolds
  8 rats
73 creatures vanquished.

Notes
Turn   | Place    | Note
-------+----------+-------------------------------------------
     0 | D:1      | nikopol the Deep Elf Fire Elementalist began the quest for the Orb.
     0 | D:1      | Reached XP level 1. HP: 10/10 MP: 6/6
   263 | D:1      | Reached XP level 2. HP: 15/15 MP: 5/8
   768 | D:1      | Reached XP level 3. HP: 19/19 MP: 8/10
   781 | D:1      | Learned a level 2 spell: Throw Flame
   785 | D:1      | Learned a level 3 spell: Conjure Flame
   987 | D:2      | Reached skill level 4 in Spellcasting
  1627 | D:2      | Reached XP level 4. HP: 24/24 MP: 9/12
  1648 | D:2      | Learned a level 4 spell: Sticky Flame
  1716 | D:2      | Found a hide-covered altar of Uskayaw.
  2574 | D:3      | Noticed Sigmund
  2582 | D:3      | Killed Sigmund
  2582 | D:3      | Reached skill level 1 in Shields
  2582 | D:3      | Reached skill level 5 in Spellcasting
  2582 | D:3      | Reached XP level 5. HP: 19/28 MP: 4/15
  2582 | D:3      | Reached XP level 6. HP: 22/32 MP: 4/16
  2728 | D:3      | Noticed VDreamerV's ghost (amateur OpTm)
  2747 | D:3      | Gained mutation: You are partially covered in icy blue scales. (AC +2) [potion of mutation]
  2747 | D:3      | Gained mutation: Your body sometimes deteriorates upon taking damage. [potion of mutation]
  2747 | D:3      | Gained mutation: You passively map a small area around you. [potion of mutation]
  2747 | D:3      | Gained mutation: You are partially covered in large bone plates. (SH +4) [potion of mutation]
  2747 | D:3      | Killed VDreamerV's ghost
  2754 | D:3      | HP: 1/32 [poisoned by VDreamerV's ghost]
  2756 | D:3      | Succumbed to VDreamerV's ghost's poison

Vault maps used:
D:1:      grunt_arrival_lava_bath
D:2:      overflow_temple_1_default, first_ration, feat_on_display
D:3:      chequers_ecumenical_altar_island, uniq_sigmund

Skill      XL: |  1  2  3  4 |
---------------+-------------+-----
Spellcasting   | 4 5 |  5.7
Fire Magic     | 4 |  4.6
Stealth        | 3 |  3.1
Conjurations   | 3 |  3.4
Shields        | 1 |  1.4
Fighting       | |  0.1
Dodging        | |  2.9

Action                   |  1- 3 |  4- 6 || total
-------------------------+-------+-------++-------
Melee: Dagger            |       |     6 ||     6
 Cast: Flame Tongue      |    84 |    65 ||   149
       Throw Flame       |       |     3 ||     3
       Conjure Flame     |       |     3 ||     3
       Sticky Flame      |       |     1 ||     1
  Use: Potion            |       |     3 ||     3
       Scroll            |       |     1 ||     1
  Eat: Chunk             |     2 |     3 ||     5
Armor: Robe              |     6 |     7 ||    13
Dodge: Dodged            |    13 |    11 ||    24
Block: Buckler           |       |     5 ||     5

Table legend:
 A = Spawn XP
 B = Non-spawn XP
 C = Spawn XP percentage of total XP
 D = Spawn monster count
 E = Non-spawn monster count
 F = Spawn count percentage of total count
 G = Total turns spent on level
                    A         B        C        D         E        F      G
               +---------+---------+-------+---------+---------+-------+---------
         Total |       0 |     502 |   0.0 |       0 |      73 |   0.0 |  2756
               +---------+---------+-------+---------+---------+-------+---------
           D:1 |       0 |      46 |   0.0 |       0 |      28 |   0.0 |   963
           D:2 |       0 |      81 |   0.0 |       0 |      28 |   0.0 |  1254
           D:3 |       0 |     375 |   0.0 |       0 |      17 |   0.0 |   539
               +---------+---------+-------+---------+---------+-------+---------
